 Dungeon Crawl Stone Soup version 0.29-a0-529-gfa20dd96a1 (webtiles) character file.

Game seed: 1086546879541358900

4921 jlumianski the Carver (level 10, -1/59 HPs)
             Began as a Gargoyle Fighter on June 2, 2022.
             Was a Believer of Wu Jian.
             Killed from afar by an acid dragon (21 damage)
             ... with a splash of acid
             ... on level 9 of the Dungeon.
             The game lasted 00:26:16 (8550 turns).

jlumianski the Carver (Gargoyle Fighter)            Turns: 8550, Time: 00:26:16

Health: -1/59      AC: 25    Str: 29    XL:     10   Next: 52%
Magic:  10/10      EV: 11    Int:  5    God:    Wu Jian [**....]
Gold:   204        SH:  4    Dex: 11    Spells: 9/9 levels left

rFire   + . .      SeeInvis .   o - +7 long sword "Feumof" {drain, *Corrode rF+ Str+2}
rCold   . . .      Faith    .   c - +0 buckler
rNeg    + . .      Spirit   .   E - +0 plate armour
rPois   ∞          Reflect  .   n - +2 helmet
rElec   +          Harm     .   (no cloak)
rCorr   .          Rampage  .   B - +1 pair of gloves of the Weaver {+Inv Will+ Int-5}
Will    +....                   (no boots)
Stlth   ..........              (no amulet)
HPRegen 0.19/turn               t - +6 ring of strength
MPRegen 0.12/turn               x - +4 ring of evasion

@: no status effects
A: sickness immunity, AC +7, negative energy resistance 1, electricity
resistance, torment resistance 1, petrification resistance
a: Renounce Religion, Evoke Invisibility, Wall Jump


You were on level 9 of the Dungeon.
You worshipped Wu Jian.
Wu Jian was pleased with you.
You visited 2 branches of the dungeon, and saw 10 of its levels.

You collected 451 gold pieces.
You spent 247 gold pieces at shops.

Inventory:

Hand Weapons
 a - a +0 war axe
 j - a +3 whip
 l - a +1 dagger of venom
 m - a +1 dagger of holy wrath
 o - the +7 long sword "Feumof" (weapon) {drain, *Corrode rF+ Str+2}
   (You took it off a goblin on level 2 of the Dungeon)

   A truly terrible weapon, it drains the life of any living foe it strikes.
   Str:       It affects your strength (+2).
   rF:        It protects you from fire.
   *Corrode:  It may corrode you when you take damage.
 y - a +0 battleaxe
 L - a +8 trident
Missiles
 e - 13 poisoned darts (quivered)
 p - 263 stones
 N - a throwing net
Armour
 b - a +0 scale mail
 c - a +0 buckler (worn)
 k - a +0 chain mail
 n - a +2 helmet (worn)
 B - the +1 pair of gloves of the Weaver (worn) {+Inv Will+ Int-5}
   (You bought it in a shop on level 5 of the Dungeon)

   Int:       It affects your intelligence (-5).
   +Inv:      It lets you turn invisible.
   Will:      It increases your willpower.
 E - a +0 plate armour (worn)
 M - a +3 leather armour
Magical Staves
 D - a staff of fire
Jewellery
 t - a +6 ring of strength (left hand)
 x - a +4 ring of evasion (right hand)
Wands
 J - a wand of digging (5)
Scrolls
 i - 3 scrolls of blinking
 z - a scroll of magic mapping
 A - a scroll of noise
 C - a scroll of immolation
 G - a scroll of poison
Potions
 d - 2 potions of might
 f - a potion of curing
 h - a potion of degeneration
 q - 2 potions of berserk rage
 r - 2 potions of brilliance
 s - 2 potions of attraction
 u - a potion of mutation
 v - 2 potions of flight
 w - a potion of resistance
 F - a potion of ambrosia
 I - a potion of heal wounds


   Skills:
 + Level 5.4 Fighting
 * Level 10.9 Long Blades
 - Level 2.2 Axes
 + Level 1.6 Throwing
 + Level 6.8 Armour
 + Level 1.7 Dodging
 + Level 0.9 Stealth
 + Level 4.3 Shields
 * Level 3.9 Evocations


You had 9 spell levels left.
You didn't know any spells.
Your spell library contained the following spells:

 Spells                   Type           Power      Damage    Failure   Level
 Apportation              Tloc           0%         N/A       100%        1
 Magic Dart               Conj           0%         1d3       100%        1
 Necrotize                Necr           0%         1d4       100%        1
 Slow                     Hex            0%         N/A       100%        1
 Summon Small Mammal      Summ           0%         N/A       100%        1
 Call Imp                 Summ           0%         N/A       100%        2
 Confusing Touch          Hex            0%         N/A       100%        3
 Gell's Gravitas          Tloc           0%         N/A       100%        3
 Lesser Beckoning         Tloc           0%         N/A       100%        3
 Mephitic Cloud           Conj/Pois/Air  0%         N/A       100%        3
 Teleport Other           Tloc           0%         N/A       100%        3
 Vampiric Draining        Necr           0%         2d6       100%        3
 Fireball                 Conj/Fire      0%         3d3       100%        5
 Iskenderun's Battlesphe  Conj           0%         2d6       100%        5
 Conjure Ball Lightning   Conj/Air       0%         3x3d6     100%        6
 Orb of Destruction       Conj           0%         9d5       100%        7


Dungeon Overview and Level Annotations

Branches:
Dungeon (9/15)             Temple (1/1) D:6
   Lair: D:8-11         Orc: D:9-12

Altars:
Ashenzari
Cheibriados
Dithmenos
Elyvilon
Fedhas
Gozag
Hepliaklqana
Kikubaaqudgha
Makhleb
Nemelex Xobeh
Okawaru
Qazlal
Ru
Sif Muna
Trog
Uskayaw
Wu Jian
Xom
Yredelemnul
Zin
The Shining One

Shops:
D:5 [

Annotations:
D:9 Psyche


Innate Abilities, Weirdness & Mutations

You are immune to sickness and miasma.
Your stone body is resilient. (AC +7)
You are immune to poison.
You resist negative energy. (rN+)
You are resistant to electric shocks. (rElec)
You are resistant to unholy torment.
You are immune to petrification.


Message History

The kobold shoots a bolt.
The bolt hits you but does no damage.
The kobold brigand attacks as you move away!
The kobold brigand hits you but does no damage.
You hear some strange, mumbled words.
A swirling arc of seething chaos appears!
An arc of chaos appears from out of thin air!
The arc of chaos hits the orc wizard.
The orc wizard is poisoned.
The arc of chaos hits the kobold brigand.
The kobold shoots a bolt.
The bolt hits you but does no damage.
The two-headed ogre hits you with a +0 giant spiked club.
Your corrosive artefact corrodes you!
The two-headed ogre hits you but does no damage.
Things that are here:
a +0 spear; a gnoll skeleton You feel better.
The kobold brigand hits you with a +0 club.
The kobold shoots a bolt.
The bolt barely misses you.
You slash something! You block the kobold brigand's attack.
The kobold shoots a bolt.
The bolt hits you but does no damage. Something hits you but does no damage.
You blink.
The kobold throws a poisoned dart.
You block the poisoned dart.
Things that are here:
a +0 shortbow; a centaur corpse The orc wizard gestures wildly while chanting.
The orc wizard flickers and vanishes!
You spin and attack the two-headed ogre.
You hit the two-headed ogre. You drain the two-headed ogre.
The two-headed ogre is lightly wounded.
The two-headed ogre barely misses you.
The two-headed ogre hits you with a +0 giant spiked club!
The kobold attacks as you move away! The kobold hits you but does no damage.
You are no longer corroded.
The kobold attacks as you move away! The kobold hits you with a +0 whip.
The two-headed ogre attacks as you move away!
The two-headed ogre hits you with a +0 giant spiked club!
You block the two-headed ogre's attack.
A yak comes into view.
The acid dragon spits acid at you. The splash of acid hits you!!
You die...

............. #.#
............###..##
..........#..#..... .
..........#........ ....#
...... #..#..D###.##.#..#
......##........#..#....#
............O##.#.......
.........).####KK.....#
........@..####.O....####
.......)....#.#{...K.#...
..................##.....
#.........?...###K#.....#
.............####......#
.............)..#....#..#
....................##
...........##..####.....
.##.##......#..# #....#


You could see a two-headed ogre (drained) and an acid dragon (catching breath).

Vanquished Creatures
  Erolcha (D:8)
  The ghost of greasedhog the Changer, a novice DrTm of Sif Muna (D:7)
  2 yaks (D:8)
  A wyvern (D:8)
  2 steam dragons
  Menkaure (D:7)
  A water moccasin (D:5)
  An orc warrior (D:8)
  A black bear (D:7)
  2 ice beasts
  An ogre (D:5)
  3 centaurs
  A phantom (D:5)
  5 bullfrogs
  2 kobold brigands
  3 scorpions
  2 necrophages
  4 wights (D:8)
  3 killer bees (D:8)
  4 howler monkeys
  2 jellies (D:5)
  A gnoll shaman (D:8)
  2 orc priests
  7 hounds
  5 iguanas
  5 orc wizards
  Robin (D:1)
  4 adders
  9 gnolls
  A white imp (D:5)
  2 worms
  16 orcs
  5 ball pythons
  4 endoplasms
  18 goblins
  9 hobgoblins
  4 jackals (D:3)
  18 kobolds
  3 quokkas
  A bat (D:3)
  2 rats
160 creatures vanquished.

Vanquished Creatures (others)
  A gnoll (D:9)
1 creature vanquished.

Grand Total: 161 creatures vanquished

Notes
Turn   | Place    | Note
-------+----------+-------------------------------------------
     0 | D:1      | jlumianski the Gargoyle Fighter began the quest for the
                  | Orb.
     0 | D:1      | Reached XP level 1. HP: 14/14 MP: 1/1
  1003 | D:2      | Reached XP level 2. HP: 19/19 MP: 2/2
  1288 | D:2      | Noticed Robin
  1299 | D:2      | Identified the +7 long sword "Feumof" {drain, *Corrode rF+
                  | Str+2}
  1523 | D:1      | Killed Robin
  1524 | D:1      | Reached XP level 3. HP: 14/23 MP: 3/3
  2516 | D:3      | Found a faded altar of an unknown god.
  2573 | D:3      | Reached skill level 1 in Long Blades
  2573 | D:3      | Reached XP level 4. HP: 27/29 MP: 4/4
  2789 | D:4      | Reached XP level 5. HP: 33/33 MP: 5/5
  2803 | D:5      | Entered Level 5 of the Dungeon
  2819 | D:5      | Reached skill level 2 in Long Blades
  2868 | D:5      | Reached skill level 3 in Long Blades
  2868 | D:5      | Reached XP level 6. HP: 26/38 MP: 6/6
  3467 | D:6      | Reached skill level 4 in Long Blades
  3755 | D:6      | Found a staircase to the Ecumenical Temple.
  3776 | Temple   | Entered the Ecumenical Temple
  3855 | Temple   | Became a worshipper of the Wu Jian Council
  3987 | D:5      | Reached XP level 7. HP: 43/43 MP: 7/7
  4059 | D:5      | Reached skill level 5 in Armour
  4120 | D:5      | Found Pequt's Antique Armour Boutique.
  4133 | D:5      | Bought a pair of bloodstained gloves for 247 gold pieces
  4133 | D:5      | Identified the +1 pair of gloves of the Weaver {+Inv Will+
                  | Int-5} (You bought it in a shop on level 5 of the Dungeon)
  4190 | D:5      | Reached skill level 5 in Long Blades
  4422 | D:4      | Reached skill level 1 in Evocations
  4529 | D:3      | Reached * piety under Wu Jian
  5111 | D:6      | Reached XP level 8. HP: 48/48 MP: 8/8
  5205 | D:6      | Reached skill level 1 in Dodging
  5214 | D:6      | Reached skill level 6 in Long Blades
  5653 | D:7      | Reached skill level 1 in Throwing
  5674 | D:7      | Reached skill level 7 in Long Blades
  5710 | D:7      | Noticed Menkaure
  5947 | D:7      | Killed Menkaure
  5948 | D:7      | Reached XP level 9. HP: 47/52 MP: 9/9
  6092 | D:7      | Reached skill level 8 in Long Blades
  6185 | D:7      | Found a runed translucent gate.
  6186 | D:7      | Found a runed translucent gate.
  6186 | D:7      | Found a runed translucent gate.
  6187 | D:7      | Noticed greasedhog's ghost (novice DrTm)
  6527 | D:7      | Killed greasedhog's ghost
  6528 | D:7      | Reached skill level 9 in Long Blades
  6856 | D:8      | Reached ** piety under Wu Jian
  6860 | D:8      | Reached skill level 5 in Fighting
  7010 | D:8      | Reached XP level 10. HP: 46/59 MP: 10/10
  7122 | D:8      | Reached skill level 10 in Long Blades
  7734 | D:9      | Noticed Erolcha
  8265 | D:8      | Killed Erolcha
  8514 | D:9      | Noticed Psyche
  8517 | D:9      | Noticed a two-headed ogre
  8521 | D:9      | Noticed a two-headed ogre
  8550 | D:9      | Killed from afar by an acid dragon

Illustrated notes

Levels and vault maps discovered:
D:1:      eino_arrival_water_cross, layout_rooms, kennysheep_boxes
D:2:      kennysheep_the_goblin_king, layout_basic, uniq_robin
D:3:      layout_basic, basic_ecumenical_altar
D:4:      layout_rooms, grunt_ministairs_2, minmay_misc_feat_x, moated_statue,
          chequers_serial_rivers_micro_c
D:5:      layout_loops_ring, serial_shops, nicolae_shop_advertising_works
          [nicolae_subvault_shop_adworks]
D:6:      layout_loops_ring, minmay_temple_entry_statues
D:7:      layout_loops_ring, ebering_ghost_rock_garden, uniq_menkaure
D:8:      layout_basic
D:9:      layout_cave_pools, uniq_psyche, uniq_erolcha
Temple:   nicolae_temple_the_god_donut

Skill      XL: |  1  2  3  4  5  6  7  8  9 10 |
---------------+-------------------------------+-----
Axes           | 2 |  2.2
Long Blades    | 1 3 4 5 7 9 10 | 10.9
Armour         | 4 5 6 |  6.8
Fighting       | 4 5 |  5.4
Shields        | 4 |  4.3
Evocations     | 1 2 3 |  3.9
Dodging        | 1 |  1.7
Throwing       | 1 |  1.6
Stealth        | |  0.9

Action                   |  1- 3 |  4- 6 |  7- 9 | 10-12 || total
-------------------------+-------+-------+-------+-------++-------
Melee: War axe           |    43 |       |       |       ||    43
       Long sword        |    39 |    89 |   234 |    98 ||   460
Throw: Dart              |     1 |       |     2 |     7 ||    10
       Stone             |     5 |       |     2 |       ||     7
Invok: Lunge             |       |     1 |    25 |     7 ||    33
       Whirlwind         |       |       |    10 |    10 ||    20
 Abil: Wall Jump         |       |       |     1 |     8 ||     9
  Use: Scroll            |     4 |     3 |     4 |     6 ||    17
       Potion            |       |     3 |       |     1 ||     4
Armor: Scale mail        |    55 |    43 |       |       ||    98
       Chain mail        |       |     4 |    90 |    16 ||   110
       Plate armour      |       |       |       |    48 ||    48
Dodge: Dodged            |    42 |    46 |   120 |    47 ||   255
Block: Buckler           |    25 |    18 |    24 |    20 ||    87

Table legend: (Time is in decaauts)
 A = Elapsed time spent in this place.
 B = Non-inter-level travel time spent in this place.
 C = Inter-level travel time spent in this place.
 D = Time resting spent in this place.
 E = Time spent auto-exploring this place.
 F = Levels seen in this place.
 G = Mean time per level.
                   A        B        C        D        E       F      G
               +--------+--------+--------+--------+--------+-----+--------+
         Total |   8659 |   8407 |    252 |   1675 |   4380 |  10 |  865.9 |
       Dungeon |   8536 |   8284 |    252 |   1675 |   4380 |   9 |  948.4 |
        Temple |    122 |    122 |      0 |      0 |      0 |   1 |  122.0 |
               +--------+--------+--------+--------+--------+-----+--------+

Top non-repeatable levels by time:
     D:8: 1753 daAuts
     D:2: 1153 daAuts
     D:1: 1151 daAuts
     D:6: 1140 daAuts
     D:5: 950 daAuts
     D:7: 934 daAuts
     D:3: 692 daAuts
     D:4: 648 daAuts
  Temple: 122 daAuts
     D:9: 111 daAuts
